Sharks vs BlackHawks

Created - 30 novembre 2017 at 22:20

Goals
1 2 3 T
Sharks 1 0 1 2
BlackHawks 0 0 0 0
Shots
1 2 3 T
Sharks 7 7 8 22
BlackHawks 9 10 8 27

1st period

1. Sharks , Charlie Coyle 9 (Andrej Sustr 10) at 4:08

Penalties :
Sean Couturier (SJS) for High sticking (Minor) at 4:45, Marc Staal (SJS) for Tripping (Minor) at 9:30, Marc Staal (SJS) for Hooking (Minor) at 19:05

2nd period

No Goal

Penalties :
Tom Wilson (SJS) for Holding Stick (Minor) at 11:06, Andrew Shaw (CHI) for High sticking (Minor) at 16:30, Anze Kopitar (SJS) for Roughing (Minor) at 18:05

3rd period

2. Sharks , Travis Konecny 6 (Sean Couturier 12) at 7:46

Penalties :
Andrew Shaw (CHI) for Hooking (Minor) at 3:33, Andrew Shaw (CHI) for Tripping (Minor) at 17:18

Goalie Stats

Semyon Varlamov (SJS), 27 saves from 27 shots - (1.000), W, 8-4-0, 60:00 minutes
Sergei Bobrovsky (CHI), 20 saves from 22 shots - (0.909), L, 13-10-1, 60:00 minutes

Players Stats for Sharks

Player Name              G  A  P  +/- PIM S  H  SB GA TA FO     MP     PP MP  PK MP  
------------------------------------------------------------------------------------
Andrej Sustr             0  1  1   1  0   0  1  2  0  0  0/0    14:49   0:18   0:33 
Anze Kopitar             0  0  0   0  2   1  0  1  0  0  12/23  19:16   3:35   0:10 
Charlie Coyle            1  0  1   1  0   3  0  0  0  0  1/1    13:45   3:36   1:18 
Chris Tanev              0  0  0   1  0   1  1  1  0  0  0/0    21:05   1:57   5:25 
Esa Lindell              0  0  0   0  0   0  1  0  0  0  0/0    20:12   1:57   1:42 
Marc Staal               0  0  0   1  4   0  2  2  0  0  0/0    17:31   0:00   3:09 
Mark Pysyk               0  0  0   1  0   0  1  0  0  0  0/0    16:31   0:00   3:28 
Matt Martin              0  0  0   0  0   0  0  0  0  0  0/1     8:54   0:00   0:49 
Michael Chaput           0  0  0   0  0   1  0  0  0  0  8/12   12:50   0:00   4:43 
Micheal Haley            0  0  0   1  0   2  1  0  0  0  0/0    12:51   0:00   4:21 
Mikhail Grigorenko       0  0  0   1  0   0  1  0  0  0  2/7    18:32   0:00   4:35 
Mikko Rantanen           0  0  0   0  0   0  0  0  0  0  0/0    18:33   3:36   0:00 
Nick Bjugstad            0  0  0   1  0   0  0  0  0  0  6/12    8:30   0:00   0:00 
Sam Reinhart             0  0  0   0  0   6  0  0  0  0  0/1    18:57   3:36   0:00 
Sean Couturier           0  1  1   1  2   3  2  0  0  0  11/14  15:26   1:57   0:00 
Seth Jones               0  0  0   0  0   1  0  1  0  0  0/0    25:10   3:18   4:45 
Tom Wilson               0  0  0   0  2   2  2  0  0  0  1/1    12:13   1:57   3:06 
Travis Konecny           1  0  1   1  0   2  0  0  0  0  2/2    14:55   1:57   0:00 

Players Stats for BlackHawks

Player Name              G  A  P  +/- PIM S  H  SB GA TA FO     MP     PP MP  PK MP  
------------------------------------------------------------------------------------
Adam McQuaid             0  0  0  -1  0   2  3  0  0  0  0/0    21:37   3:46   2:25 
Alex Galchenyuk          0  0  0   0  0   0  1  0  0  0  0/0    18:33   4:36   1:20 
Andrew Shaw              0  0  0  -2  6   2  1  0  0  0  1/2    10:53   0:21   0:00 
Antoine Roussel          0  0  0   0  0   2  1  0  0  0  0/1    12:24   0:00   3:17 
Artemi Panarin           0  0  0   0  0   1  0  0  0  0  1/3    17:35   4:55   0:00 
Brady Austin             0  0  0   0  0   2  0  0  0  0  0/0    14:08   1:18   0:12 
Darnell Nurse            0  0  0  -1  0   0  3  0  0  0  0/0    16:32   0:21   0:00 
David Backes             0  0  0   0  0   5  1  0  0  0  0/0    16:50   4:34   0:00 
Dion Phaneuf             0  0  0  -1  0   0  1  0  0  0  0/0    24:40   4:52   2:56 
Jack Eichel              0  0  0   0  0   3  1  0  0  0  9/22   17:10   4:36   0:00 
Jason Chimera            0  0  0   0  0   1  1  0  0  0  0/0     9:07   0:00   0:00 
Jay Beagle               0  0  0  -2  0   0  0  1  0  0  10/21  13:19   0:00   2:44 
Jeff Petry               0  0  0  -1  0   0  1  0  0  0  0/0    24:47   4:59   2:56 
Kevan Miller             0  0  0   0  0   1  0  0  0  0  0/0    18:13   3:46   2:37 
Kyle Okposo              0  0  0   0  0   2  0  0  0  0  0/1    17:10   4:36   0:00 
Radim Vrbata             0  0  0  -2  0   1  1  0  0  0  0/0    10:35   0:00   0:00 
Ryan OReilly             0  0  0   0  0   3  0  1  0  0  7/16   19:51   4:55   2:16 
Trevor Lewis             0  0  0   0  0   2  1  0  0  0  3/8    10:36   0:00   1:29 

3 Stars

1 - Semyon Varlamov (SJS)
2 - Charlie Coyle (SJS)
3 - Travis Konecny (SJS)

Power Play

Sharks - 0 on 3 Attempt(s) - 0.00%
BlackHawks - 0 on 5 Attempt(s) - 0.00%

Penalty Kill

Sharks - 5 on 5 Attempt(s) - 100.00% - Score 0 goal in Penalty Kill
BlackHawks - 3 on 3 Attempt(s) - 100.00% - Score 0 goal in Penalty Kill

Team Stat

Sharks - Hits : 12 - Faceoff Wins : 43 - Blocked Shots : 7 - Penalty Minutes : 10
BlackHawks - Hits : 16 - Faceoff Wins : 31 - Blocked Shots : 2 - Penalty Minutes : 6

Official

Referees : Trevor Hanson and Kevin Pollock
Linesman : Matt MacPherson and Brad Kovachik

Game Notes

No Game Note

Finance

Level 1 -- Attendance: 6104 (93.91%) -- Ticket Income 671 440 $
Level 2 -- Attendance: 4690 (93.80%) -- Ticket Income 351 750 $
Level 3 -- Attendance: 3249 (92.83%) -- Ticket Income 181 944 $
Level 4 -- Attendance: 2763 (74.33%) -- Ticket Income 110 520 $
Luxury Box -- Attendance: 914 (91.40%) -- Ticket Income 181 886 $
Game was played at the United Center.
Total Attendance: 17720 (89.87%)
Total Ticket Income: 1 497 540 $
Other Income: 224 631 $
Total Income: 1 722 171 $

% Time on Ice - Sharks

Lines # - Real PCT - Wanted PCT - Time Play
Normal Forward
1 - 34% - 34% - 14:57
2 - 29% - 30% - 12:58
3 - 19% - 22% - 8:30
4 - 18% - 14% - 8:07
Normal Defense
1 - 40% - 40% - 17:39
2 - 33% - 33% - 14:44
3 - 27% - 27% - 12:09
4 - 0% - 0% - 0:00
PP Forward
1 - 65% - 62% - 3:36
2 - 35% - 38% - 1:57
PP Defense
1 - 65% - 67% - 3:36
2 - 35% - 33% - 1:57
PK Forward
1 - 50% - 50% - 4:48
2 - 50% - 50% - 4:43
PK Defense
1 - 64% - 60% - 6:03
2 - 36% - 40% - 3:28
PK3 Forward
1 - 0% - 55%
2 - 0% - 45%
PK3 Defense
1 - 0% - 60%
2 - 0% - 40%
44 Forward
1 - 100% - 55% - 0:24
2 - 0% - 45% - 0:00
44 Defense
1 - 0% - 60% - 0:00
2 - 100% - 40% - 0:24
Last Minute Offensive  - 0:00
Last Minute Defensive  - 0:00
Total
Forward - 60:00
Defense - 60:00

% Time on Ice - BlackHawks

Lines # - Real PCT - Wanted PCT - Time Play
Normal Forward
1 - 28% - 28% - 12:16
2 - 28% - 25% - 12:34
3 - 24% - 25% - 10:35
4 - 20% - 22% - 9:07
Normal Defense
1 - 35% - 40% - 15:47
2 - 35% - 30% - 15:26
3 - 28% - 20% - 12:38
4 - 2% - 10% - 0:41
PP Forward
1 - 52% - 60% - 4:55
2 - 48% - 40% - 4:36
PP Defense
1 - 60% - 60% - 5:45
2 - 40% - 40% - 3:46
PK Forward
1 - 73% - 60% - 4:04
2 - 27% - 40% - 1:29
PK Defense
1 - 55% - 60% - 3:02
2 - 45% - 40% - 2:31
PK3 Forward
1 - 0% - 60%
2 - 0% - 40%
PK3 Defense
1 - 0% - 60%
2 - 0% - 40%
44 Forward
1 - 100% - 60% - 0:24
2 - 0% - 40% - 0:00
44 Defense
1 - 100% - 60% - 0:24
2 - 0% - 40% - 0:00
Last Minute Offensive  - 0:00
Last Minute Defensive  - 0:00
Total
Forward - 60:00
Defense - 60:00

Play by Play

1st period


0:01 of 1st period - Ryan OReilly wins face-off versus Sam Reinhart in neutral zone.
0:15 of 1st period - Shot by Sam Reinhart.
0:15 of 1st period - Stopped by Sergei Bobrovsky without a rebound.
0:16 of 1st period - Sean Couturier wins face-off versus Jack Eichel in BlackHawks zone.
0:16 of 1st period - Sean Couturier is hit by Adam McQuaid.
0:50 of 1st period - Shot by Travis Konecny.
0:50 of 1st period - Stopped by Sergei Bobrovsky without a rebound.
0:51 of 1st period - Jay Beagle wins face-off versus Nick Bjugstad in BlackHawks zone.
1:40 of 1st period - Shot by Antoine Roussel.
1:40 of 1st period - Deflect By Trevor Lewis.
1:40 of 1st period - Stopped by Semyon Varlamov without a rebound.
1:41 of 1st period - Anze Kopitar wins face-off versus Ryan OReilly in Sharks zone.
1:51 of 1st period - Shot by Anze Kopitar.
1:51 of 1st period - Deflect By Sam Reinhart.
1:51 of 1st period - Stopped by Sergei Bobrovsky without a rebound.
1:52 of 1st period - Trevor Lewis wins face-off versus Michael Chaput in BlackHawks zone.
3:44 of 1st period - Icing by Alex Galchenyuk.
3:45 of 1st period - Nick Bjugstad wins face-off versus Jack Eichel in BlackHawks zone.
3:52 of 1st period - Shot by Micheal Haley.
3:52 of 1st period - Stopped by Sergei Bobrovsky without a rebound.
3:53 of 1st period - Jay Beagle wins face-off versus Nick Bjugstad in BlackHawks zone.
3:53 of 1st period - Radim Vrbata is hit by Micheal Haley and loses puck.
4:08 of 1st period - Shot by Charlie Coyle.
4:08 of 1st period - Goal by Charlie Coyle - Sharks : 1 - BlackHawks : 0.
4:09 of 1st period - Sean Couturier wins face-off versus Jack Eichel in neutral zone.
4:22 of 1st period - Shot by Sean Couturier.
4:22 of 1st period - Shot Misses the Net.
4:24 of 1st period - Shot by Travis Konecny.
4:24 of 1st period - Shot Misses the Net.
4:44 of 1st period - Kevan Miller is hit by Mikhail Grigorenko and loses puck.
4:45 of 1st period - Minor Penalty to Sean Couturier for High sticking.
4:46 of 1st period - Michael Chaput wins face-off versus Ryan OReilly in Sharks zone.
4:51 of 1st period - Micheal Haley is hit by David Backes and loses puck.
5:22 of 1st period - Shot by David Backes.
5:22 of 1st period - Shot Misses the Net.
5:24 of 1st period - Shot by Dion Phaneuf.
5:24 of 1st period - Shot Hit the Post.
5:26 of 1st period - Shot by David Backes.
5:26 of 1st period - Stopped by Semyon Varlamov with a rebound.
6:03 of 1st period - Shot by Kyle Okposo.
6:03 of 1st period - Stopped by Semyon Varlamov without a rebound.
6:04 of 1st period - Michael Chaput wins face-off versus Ryan OReilly in Sharks zone.
6:57 of 1st period - Shot by Radim Vrbata.
6:57 of 1st period - Deflect By Andrew Shaw.
6:57 of 1st period - Shot Misses the Net.
8:01 of 1st period - Shot by Sean Couturier.
8:01 of 1st period - Stopped by Sergei Bobrovsky without a rebound.
8:02 of 1st period - Jack Eichel wins face-off versus Matt Martin in BlackHawks zone.
8:04 of 1st period - Icing by Kyle Okposo.
8:05 of 1st period - Nick Bjugstad wins face-off versus Kyle Okposo in BlackHawks zone.
8:30 of 1st period - Shot by Charlie Coyle.
8:30 of 1st period - Shot Misses the Net.
8:49 of 1st period - Off-side.
8:50 of 1st period - Anze Kopitar wins face-off versus Ryan OReilly in neutral zone.
9:30 of 1st period - Minor Penalty to Marc Staal for Tripping.
9:31 of 1st period - Jack Eichel wins face-off versus Mikhail Grigorenko in Sharks zone.
9:58 of 1st period - Shot by Tom Wilson.
9:58 of 1st period - Shot Misses the Net.
10:00 of 1st period - Shot by Mark Pysyk.
10:00 of 1st period - Shot Misses the Net.
10:02 of 1st period - Shot by Tom Wilson.
10:02 of 1st period - Stopped by Sergei Bobrovsky with a rebound.
12:21 of 1st period - Shot by Radim Vrbata.
12:21 of 1st period - Shot Misses the Net.
12:28 of 1st period - Jay Beagle is hit by Marc Staal and loses puck.
12:54 of 1st period - Icing by Adam McQuaid.
12:55 of 1st period - Jack Eichel wins face-off versus Michael Chaput in BlackHawks zone.
14:22 of 1st period - Shot by Trevor Lewis.
14:22 of 1st period - Stopped by Semyon Varlamov with a rebound.
14:24 of 1st period - Shot by Antoine Roussel.
14:24 of 1st period - Shot Misses the Net.
14:57 of 1st period - Mikhail Grigorenko is hit by Darnell Nurse and loses puck.
15:01 of 1st period - Sean Couturier is hit by Darnell Nurse and loses puck.
15:25 of 1st period - Icing by Mikko Rantanen.
15:26 of 1st period - Anze Kopitar wins face-off versus Ryan OReilly in Sharks zone.
15:40 of 1st period - Shot by Artemi Panarin.
15:40 of 1st period - Shot Misses the Net.
15:42 of 1st period - Shot by Ryan OReilly.
15:42 of 1st period - Shot Misses the Net.
15:44 of 1st period - Shot by David Backes.
15:44 of 1st period - Stopped by Semyon Varlamov without a rebound.
15:45 of 1st period - Michael Chaput wins face-off versus Jack Eichel in Sharks zone.
15:54 of 1st period - Shot by Jack Eichel.
15:54 of 1st period - Stopped by Semyon Varlamov with a rebound.
16:03 of 1st period - Alex Galchenyuk is hit by Tom Wilson and loses puck.
16:25 of 1st period - Off-side.
16:26 of 1st period - Artemi Panarin wins face-off versus Sean Couturier in neutral zone.
16:37 of 1st period - Shot by Artemi Panarin.
16:37 of 1st period - Shot Misses the Net.
16:42 of 1st period - Shot by Adam McQuaid.
16:42 of 1st period - Stopped by Semyon Varlamov with a rebound.
16:47 of 1st period - Artemi Panarin is hit by Chris Tanev and loses puck.
16:54 of 1st period - Shot by Ryan OReilly.
16:54 of 1st period - Stopped by Semyon Varlamov without a rebound.
16:55 of 1st period - Nick Bjugstad wins face-off versus Jay Beagle in Sharks zone.
17:18 of 1st period - Shot by Andrew Shaw.
17:18 of 1st period - Stopped by Semyon Varlamov without a rebound.
17:19 of 1st period - Trevor Lewis wins face-off versus Anze Kopitar in Sharks zone.
17:44 of 1st period - Shot by Mikko Rantanen.
17:44 of 1st period - Shot Misses the Net.
18:09 of 1st period - Trevor Lewis is hit by Sean Couturier and loses puck.
18:35 of 1st period - Artemi Panarin is hit by Mark Pysyk and loses puck.
18:56 of 1st period - Icing by Marc Staal.
18:57 of 1st period - Nick Bjugstad wins face-off versus Jay Beagle in Sharks zone.
19:05 of 1st period - Minor Penalty to Marc Staal for Hooking.
19:06 of 1st period - Jack Eichel wins face-off versus Michael Chaput in Sharks zone.
19:39 of 1st period - Shot by Jack Eichel.
19:39 of 1st period - Shot Misses the Net.
Goals for this period are 1 for Sharks vs 0 for BlackHawks.
Shots for this period are 7 for Sharks vs 9 for BlackHawks.

2nd period


0:01 of 2nd period - Michael Chaput wins face-off versus Artemi Panarin in neutral zone.
1:18 of 2nd period - Shot by Andrew Shaw.
1:18 of 2nd period - Shot Misses the Net.
1:20 of 2nd period - Shot by Adam McQuaid.
1:20 of 2nd period - Stopped by Semyon Varlamov without a rebound.
1:21 of 2nd period - Trevor Lewis wins face-off versus Sean Couturier in Sharks zone.
1:22 of 2nd period - Shot by Jason Chimera.
1:22 of 2nd period - Shot Blocked by Chris Tanev.
1:28 of 2nd period - Shot by Jason Chimera.
1:28 of 2nd period - Stopped by Semyon Varlamov with a rebound.
2:18 of 2nd period - Icing by Dion Phaneuf.
2:19 of 2nd period - Andrew Shaw wins face-off versus Nick Bjugstad in BlackHawks zone.
2:40 of 2nd period - Shot by Micheal Haley.
2:40 of 2nd period - Stopped by Sergei Bobrovsky with a rebound.
3:22 of 2nd period - Shot by Sam Reinhart.
3:22 of 2nd period - Stopped by Sergei Bobrovsky without a rebound.
3:23 of 2nd period - Anze Kopitar wins face-off versus Jack Eichel in BlackHawks zone.
3:26 of 2nd period - Shot by Mikko Rantanen.
3:26 of 2nd period - Shot Misses the Net.
4:40 of 2nd period - Alex Galchenyuk is hit by Andrej Sustr and loses puck.
5:08 of 2nd period - Shot by Michael Chaput.
5:08 of 2nd period - Stopped by Sergei Bobrovsky without a rebound.
5:09 of 2nd period - Nick Bjugstad wins face-off versus Jay Beagle in BlackHawks zone.
5:21 of 2nd period - Icing by Dion Phaneuf.
5:22 of 2nd period - Jay Beagle wins face-off versus Anze Kopitar in BlackHawks zone.
5:31 of 2nd period - Shot by Radim Vrbata.
5:31 of 2nd period - Shot Misses the Net.
7:05 of 2nd period - Shot by Ryan OReilly.
7:05 of 2nd period - Stopped by Semyon Varlamov without a rebound.
7:06 of 2nd period - Michael Chaput wins face-off versus Trevor Lewis in Sharks zone.
7:50 of 2nd period - Shot by Charlie Coyle.
7:50 of 2nd period - Shot Misses the Net.
7:54 of 2nd period - Shot by Charlie Coyle.
7:54 of 2nd period - Stopped by Sergei Bobrovsky without a rebound.
7:55 of 2nd period - Ryan OReilly wins face-off versus Anze Kopitar in BlackHawks zone.
8:04 of 2nd period - Shot by Kevan Miller.
8:04 of 2nd period - Shot Misses the Net.
8:18 of 2nd period - Shot by Artemi Panarin.
8:18 of 2nd period - Stopped by Semyon Varlamov without a rebound.
8:19 of 2nd period - Jack Eichel wins face-off versus Mikhail Grigorenko in Sharks zone.
8:19 of 2nd period - Jack Eichel is hit by Esa Lindell.
8:29 of 2nd period - Shot by Jack Eichel.
8:29 of 2nd period - Shot Misses the Net.
8:34 of 2nd period - Icing by Sean Couturier.
8:35 of 2nd period - Sean Couturier wins face-off versus Ryan OReilly in Sharks zone.
8:52 of 2nd period - Shot by Ryan OReilly.
8:52 of 2nd period - Shot Misses the Net.
9:23 of 2nd period - Esa Lindell is hit by Alex Galchenyuk and loses puck.
9:30 of 2nd period - Shot by Jack Eichel.
9:30 of 2nd period - Stopped by Semyon Varlamov without a rebound.
9:31 of 2nd period - Jay Beagle wins face-off versus Anze Kopitar in Sharks zone.
9:36 of 2nd period - Shot by Andrew Shaw.
9:36 of 2nd period - Stopped by Semyon Varlamov without a rebound.
9:37 of 2nd period - Jack Eichel wins face-off versus Anze Kopitar in Sharks zone.
9:44 of 2nd period - Shot by Alex Galchenyuk.
9:44 of 2nd period - Shot Misses the Net.
9:53 of 2nd period - Sam Reinhart is hit by Adam McQuaid.
9:59 of 2nd period - Shot by Sam Reinhart.
9:59 of 2nd period - Deflect By Anze Kopitar.
9:59 of 2nd period - Shot Misses the Net.
10:01 of 2nd period - Shot by Mark Pysyk.
10:01 of 2nd period - Shot Misses the Net.
10:36 of 2nd period - Shot by Artemi Panarin.
10:36 of 2nd period - Shot Misses the Net.
10:38 of 2nd period - Shot by David Backes.
10:38 of 2nd period - Shot Misses the Net.
10:51 of 2nd period - Shot by Ryan OReilly.
10:51 of 2nd period - Deflect By David Backes.
10:51 of 2nd period - Stopped by Semyon Varlamov without a rebound.
10:52 of 2nd period - Tom Wilson wins face-off versus Andrew Shaw in Sharks zone.
11:04 of 2nd period - Andrew Shaw is hit by Tom Wilson and loses puck.
11:06 of 2nd period - Minor Penalty to Tom Wilson for Holding Stick.
11:07 of 2nd period - Ryan OReilly wins face-off versus Mikhail Grigorenko in Sharks zone.
12:10 of 2nd period - Shot by Alex Galchenyuk.
12:10 of 2nd period - Shot Misses the Net.
12:18 of 2nd period - Shot by Jack Eichel.
12:18 of 2nd period - Stopped by Semyon Varlamov without a rebound.
12:19 of 2nd period - Ryan OReilly wins face-off versus Michael Chaput in Sharks zone.
13:20 of 2nd period - Shot by Jason Chimera.
13:20 of 2nd period - Deflect By Antoine Roussel.
13:20 of 2nd period - Stopped by Semyon Varlamov without a rebound.
13:21 of 2nd period - Jay Beagle wins face-off versus Anze Kopitar in Sharks zone.
13:32 of 2nd period - Shot by Sam Reinhart.
13:32 of 2nd period - Stopped by Sergei Bobrovsky without a rebound.
13:33 of 2nd period - Sean Couturier wins face-off versus Jack Eichel in BlackHawks zone.
13:34 of 2nd period - Shot by Seth Jones.
13:34 of 2nd period - Shot Misses the Net.
13:36 of 2nd period - Shot by Sean Couturier.
13:36 of 2nd period - Shot Misses the Net.
14:26 of 2nd period - Icing by Adam McQuaid.
14:27 of 2nd period - Nick Bjugstad wins face-off versus Jack Eichel in BlackHawks zone.
14:28 of 2nd period - Shot by Charlie Coyle.
14:28 of 2nd period - Shot Misses the Net.
14:30 of 2nd period - Shot by Marc Staal.
14:30 of 2nd period - Shot Misses the Net.
14:32 of 2nd period - Shot by Charlie Coyle.
14:32 of 2nd period - Shot Misses the Net.
14:36 of 2nd period - Shot by Charlie Coyle.
14:36 of 2nd period - Stopped by Sergei Bobrovsky with a rebound.
14:59 of 2nd period - Icing by Adam McQuaid.
15:00 of 2nd period - Anze Kopitar wins face-off versus Jack Eichel in BlackHawks zone.
15:01 of 2nd period - Shot by Sam Reinhart.
15:01 of 2nd period - Shot Misses the Net.
15:03 of 2nd period - Shot by Mark Pysyk.
15:03 of 2nd period - Shot Misses the Net.
15:12 of 2nd period - Icing by Jack Eichel.
15:13 of 2nd period - Michael Chaput wins face-off versus Jack Eichel in BlackHawks zone.
15:14 of 2nd period - Shot by Seth Jones.
15:14 of 2nd period - Deflect By Tom Wilson.
15:14 of 2nd period - Stopped by Sergei Bobrovsky without a rebound.
15:15 of 2nd period - Ryan OReilly wins face-off versus Sean Couturier in BlackHawks zone.
15:22 of 2nd period - Ryan OReilly is hit by Sean Couturier and loses puck.
16:04 of 2nd period - Icing by Mikhail Grigorenko.
16:05 of 2nd period - Sean Couturier wins face-off versus Trevor Lewis in Sharks zone.
16:20 of 2nd period - Shot by Jason Chimera.
16:20 of 2nd period - Shot Misses the Net.
16:23 of 2nd period - Icing by Chris Tanev.
16:24 of 2nd period - Jay Beagle wins face-off versus Anze Kopitar in Sharks zone.
16:30 of 2nd period - Minor Penalty to Andrew Shaw for High sticking.
16:31 of 2nd period - Jay Beagle wins face-off versus Anze Kopitar in BlackHawks zone.
17:24 of 2nd period - Shot by Esa Lindell.
17:24 of 2nd period - Shot Misses the Net.
18:05 of 2nd period - Minor Penalty to Anze Kopitar for Roughing.
18:06 of 2nd period - Charlie Coyle wins face-off versus Ryan OReilly in Sharks zone.
18:06 of 2nd period - Charlie Coyle is hit by Dion Phaneuf.
19:27 of 2nd period - Shot by Brady Austin.
19:27 of 2nd period - Stopped by Semyon Varlamov without a rebound.
19:28 of 2nd period - Jack Eichel wins face-off versus Mikhail Grigorenko in Sharks zone.
Goals for this period are 0 for Sharks vs 0 for BlackHawks.
Shots for this period are 7 for Sharks vs 10 for BlackHawks.

3rd period


0:01 of 3rd period - Ryan OReilly wins face-off versus Mikhail Grigorenko in neutral zone.
0:14 of 3rd period - Shot by Sam Reinhart.
0:14 of 3rd period - Stopped by Sergei Bobrovsky without a rebound.
0:15 of 3rd period - Sean Couturier wins face-off versus Ryan OReilly in BlackHawks zone.
0:16 of 3rd period - Shot by Chris Tanev.
0:16 of 3rd period - Stopped by Sergei Bobrovsky without a rebound.
0:17 of 3rd period - Sean Couturier wins face-off versus Artemi Panarin in BlackHawks zone.
0:40 of 3rd period - Ryan OReilly is hit by Marc Staal and loses puck.
2:04 of 3rd period - Icing by Esa Lindell.
2:05 of 3rd period - Anze Kopitar wins face-off versus Trevor Lewis in Sharks zone.
2:38 of 3rd period - Shot by Antoine Roussel.
2:38 of 3rd period - Stopped by Semyon Varlamov without a rebound.
2:39 of 3rd period - Sean Couturier wins face-off versus Jack Eichel in Sharks zone.
2:47 of 3rd period - Shot by Jack Eichel.
2:47 of 3rd period - Shot Misses the Net.
2:49 of 3rd period - Shot by Kyle Okposo.
2:49 of 3rd period - Stopped by Semyon Varlamov without a rebound.
2:50 of 3rd period - Michael Chaput wins face-off versus Ryan OReilly in Sharks zone.
3:27 of 3rd period - Shot by David Backes.
3:27 of 3rd period - Shot Blocked by Marc Staal.
3:29 of 3rd period - Shot by David Backes.
3:29 of 3rd period - Stopped by Semyon Varlamov without a rebound.
3:30 of 3rd period - Travis Konecny wins face-off versus Jay Beagle in Sharks zone.
3:30 of 3rd period - Travis Konecny is hit by Andrew Shaw.
3:33 of 3rd period - Minor Penalty to Andrew Shaw for Hooking.
3:34 of 3rd period - Jay Beagle wins face-off versus Anze Kopitar in BlackHawks zone.
3:49 of 3rd period - Shot by Charlie Coyle.
3:49 of 3rd period - Shot Blocked by Jay Beagle.
4:09 of 3rd period - Shot by Anze Kopitar.
4:09 of 3rd period - Shot Misses the Net.
5:37 of 3rd period - Shot by Artemi Panarin.
5:37 of 3rd period - Shot Blocked by Andrej Sustr.
6:34 of 3rd period - Icing by Dion Phaneuf.
6:35 of 3rd period - Jack Eichel wins face-off versus Nick Bjugstad in BlackHawks zone.
7:42 of 3rd period - Icing by Andrew Shaw.
7:43 of 3rd period - Sean Couturier wins face-off versus Jay Beagle in BlackHawks zone.
7:46 of 3rd period - Shot by Travis Konecny.
7:46 of 3rd period - Goal by Travis Konecny - Sharks : 2 - BlackHawks : 0.
7:47 of 3rd period - Travis Konecny wins face-off versus Jay Beagle in neutral zone.
8:03 of 3rd period - Shot by Radim Vrbata.
8:03 of 3rd period - Shot Misses the Net.
8:05 of 3rd period - Shot by Radim Vrbata.
8:05 of 3rd period - Stopped by Semyon Varlamov with a rebound.
8:07 of 3rd period - Shot by Jay Beagle.
8:07 of 3rd period - Shot Misses the Net.
9:01 of 3rd period - Tom Wilson is hit by Darnell Nurse and loses puck.
9:50 of 3rd period - Shot by Ryan OReilly.
9:50 of 3rd period - Stopped by Semyon Varlamov without a rebound.
9:51 of 3rd period - Jay Beagle wins face-off versus Nick Bjugstad in Sharks zone.
10:14 of 3rd period - Shot by Andrew Shaw.
10:14 of 3rd period - Shot Misses the Net.
10:16 of 3rd period - Shot by Jay Beagle.
10:16 of 3rd period - Shot Blocked by Marc Staal.
11:39 of 3rd period - Shot by David Backes.
11:39 of 3rd period - Stopped by Semyon Varlamov without a rebound.
11:40 of 3rd period - Michael Chaput wins face-off versus Antoine Roussel in Sharks zone.
11:40 of 3rd period - Michael Chaput is hit by Trevor Lewis.
11:45 of 3rd period - Tom Wilson is hit by Jason Chimera and loses puck.
12:21 of 3rd period - Esa Lindell is hit by Radim Vrbata and loses puck.
13:16 of 3rd period - Shot by Travis Konecny.
13:16 of 3rd period - Shot Blocked by Ryan OReilly.
13:18 of 3rd period - Shot by Sean Couturier.
13:18 of 3rd period - Stopped by Sergei Bobrovsky without a rebound.
13:19 of 3rd period - Jack Eichel wins face-off versus Anze Kopitar in BlackHawks zone.
13:29 of 3rd period - Off-side.
13:30 of 3rd period - Mikhail Grigorenko wins face-off versus Trevor Lewis in neutral zone.
13:30 of 3rd period - Travis Konecny is hit by Antoine Roussel and loses puck.
13:42 of 3rd period - Icing by Darnell Nurse.
13:43 of 3rd period - Anze Kopitar wins face-off versus Trevor Lewis in BlackHawks zone.
13:47 of 3rd period - Mikko Rantanen is hit by Adam McQuaid and loses puck.
13:56 of 3rd period - Shot by Antoine Roussel.
13:56 of 3rd period - Shot Blocked by Anze Kopitar.
14:04 of 3rd period - Shot by Anze Kopitar.
14:04 of 3rd period - Shot Misses the Net.
14:06 of 3rd period - Shot by Anze Kopitar.
14:06 of 3rd period - Stopped by Sergei Bobrovsky with a rebound.
14:59 of 3rd period - Off-side.
15:00 of 3rd period - Ryan OReilly wins face-off versus Nick Bjugstad in neutral zone.
15:17 of 3rd period - Shot by David Backes.
15:17 of 3rd period - Shot Misses the Net.
15:33 of 3rd period - Shot by Kevan Miller.
15:33 of 3rd period - Shot Blocked by Seth Jones.
15:35 of 3rd period - Shot by Kevan Miller.
15:35 of 3rd period - Stopped by Semyon Varlamov without a rebound.
15:36 of 3rd period - Anze Kopitar wins face-off versus Jack Eichel in Sharks zone.
15:36 of 3rd period - Anze Kopitar is hit by Jack Eichel.
15:39 of 3rd period - Icing by Sam Reinhart.
15:40 of 3rd period - Anze Kopitar wins face-off versus Jay Beagle in Sharks zone.
15:44 of 3rd period - Off-side.
15:45 of 3rd period - Mikhail Grigorenko wins face-off versus Jack Eichel in neutral zone.
15:52 of 3rd period - Shot by Sean Couturier.
15:52 of 3rd period - Shot Hit the Post.
16:02 of 3rd period - Shot by Sean Couturier.
16:02 of 3rd period - Stopped by Sergei Bobrovsky without a rebound.
16:03 of 3rd period - Jay Beagle wins face-off versus Anze Kopitar in BlackHawks zone.
16:10 of 3rd period - Shot by Andrew Shaw.
16:10 of 3rd period - Shot Blocked by Andrej Sustr.
16:12 of 3rd period - Shot by Andrew Shaw.
16:12 of 3rd period - Deflect By Radim Vrbata.
16:12 of 3rd period - Shot Misses the Net.
16:14 of 3rd period - Shot by Brady Austin.
16:14 of 3rd period - Stopped by Semyon Varlamov without a rebound.
16:15 of 3rd period - Sean Couturier wins face-off versus Jack Eichel in Sharks zone.
17:18 of 3rd period - Minor Penalty to Andrew Shaw for Tripping.
17:19 of 3rd period - Anze Kopitar wins face-off versus Jay Beagle in BlackHawks zone.
17:20 of 3rd period - Shot by Sam Reinhart.
17:20 of 3rd period - Shot Hit the Post.
17:22 of 3rd period - Shot by Sam Reinhart.
17:22 of 3rd period - Shot Misses the Net.
17:24 of 3rd period - Shot by Mikko Rantanen.
17:24 of 3rd period - Shot Misses the Net.
17:26 of 3rd period - Shot by Sam Reinhart.
17:26 of 3rd period - Stopped by Sergei Bobrovsky without a rebound.
17:27 of 3rd period - Anze Kopitar wins face-off versus Jay Beagle in BlackHawks zone.
17:28 of 3rd period - Shot by Seth Jones.
17:28 of 3rd period - Stopped by Sergei Bobrovsky without a rebound.
17:29 of 3rd period - Anze Kopitar wins face-off versus Jay Beagle in BlackHawks zone.
17:49 of 3rd period - Off-side.
17:50 of 3rd period - Sean Couturier wins face-off versus Jay Beagle in neutral zone.
18:25 of 3rd period - Sean Couturier is hit by Jeff Petry and loses puck.
Goals for this period are 1 for Sharks vs 0 for BlackHawks.
Shots for this period are 8 for Sharks vs 8 for BlackHawks.